 Dungeon Crawl Stone Soup version 0.31.0-32-g396128a36d (webtiles) character file.

Game seed: 7429511767333953247

64 ChrisAssaf the Changeling (level 4, -3/20 HPs)
             Began as a Human Shapeshifter on Mar 10, 2024.
             Slain by an ice beast (13 damage)
             ... on level 4 of the Dungeon.
             The game lasted 00:06:19 (1657 turns).

ChrisAssaf the Changeling (Human Shapeshifter)      Turns: 1657, Time: 00:06:20

Health: -3/20      AC:  0    Str: 15    XL:     4   Next: 12%
Magic:  0/4        EV: 16    Int: 16    God:
Gold:   140        SH:  0    Dex: 14    Spells: 2/4 levels left

rFire   + .          .
                       - Unarmed
rCold   . . .        (shield currently unavailable)
rNeg    . . .        i - melded +2 leather armour {Will+}
rPois   .            (no helmet)
rElec   .            (no cloak)
rCorr   .            (no gloves)
SInv    .            (no boots)
Will    .....        h - amulet of regeneration
Stlth   +            g - ring of protection from fire
HPRegen 1.03/turn    f - ring "Podishus" {Fly Int+4 Dex+2}
MPRegen 0.09/turn

%: no passive effects
@: flux-form, flying, very slightly contaminated, glowing
A: glow, contaminating, reduced hp, explore regen
a: Begin Untransformation


You were on level 4 of the Dungeon.
You were something dangerously unstable.
You visited 1 branch of the dungeon, and saw 4 of its levels.

You collected 140 gold pieces.

Inventory:

Armour
 a - a +1 animal skin
 i - a +2 leather armour of willpower (melded)
Jewellery
 f - the ring "Podishus" (right hand) {Fly Int+4 Dex+2}
   (You found it on level 3 of the Dungeon)

   [ring of flight]

   Int+4:     It affects your intelligence (+4).
   Dex+2:     It affects your dexterity (+2).
   Fly:       It grants you flight.
 g - a ring of protection from fire (left hand)
 h - an amulet of regeneration (around neck)
Talismans
 c - a beast talisman
 d - a flux talisman (active)
Scrolls
 j - a scroll of poison
 k - a scroll of teleportation
 m - 2 scrolls of enchant weapon
Potions
 b - a potion of lignification
 e - a potion of curing
 l - a potion of degeneration {unknown}
 n - a potion of heal wounds {unknown}


   Skills:
 * Level 1.5 Fighting
 * Level 1.0 Throwing
 * Level 0.7 Armour
 * Level 2.4 Dodging
 * Level 0.5 Stealth
 + Level 3.2 Unarmed Combat
 * Level 0.6 Spellcasting
 * Level 0.2 Summonings
 * Level 3.3 Shapeshifting


You had 2 spell levels left.
You knew the following spells:

 Your Spells              Type           Power      Damage    Failure   Level
a - Call Imp              Summ           2%         N/A       32%         2

Your spell library contained the following spells:

 Spells                   Type           Power      Damage    Failure   Level
 Magic Dart               Conj           0%         1d3       24%         1
 Blink                    Tloc           0%         N/A       36%         2


Dungeon Overview and Level Annotations

Branches:
Dungeon (4/15)
 Temple: D:4-7

Altars:
Sif Muna
The Shining One


Innate Abilities, Weirdness & Mutations

You are something dangerously unstable.
You glow with magical radiation, making you easy to see and hit.
Foes you strike become dangerously contaminated with magical radiation.
Your maximum health is decreased, since you lack skill for your form.
You are incapable of wielding weapons or throwing items.
You regain HP and MP as you explore.


Message History

You hit the quokka but do no damage.
The quokka shudders as magic cascades through it!
You kill the quokka!
m - 3 scrolls labelled ROUGYMN KIMEQ
As you read the scroll labelled ROUGYMN KIMEQ, it crumbles to dust.
It is a scroll of enchant weapon.
You aren't carrying any weapons that can be enchanted.
Found a scroll labelled WAMIABBOUSCH.
Found 8 gold pieces.
Found a stone staircase leading down.
Found a glowing dagger.
Found an escape hatch in the ceiling.
o - a scroll labelled WAMIABBOUSCH
Found an escape hatch in the floor.
As you read the scroll labelled WAMIABBOUSCH, it crumbles to dust.
You assume a fearsome visage.
Nothing appears to happen.
It was a scroll of fear.
A dart slug comes into view.
The dart slug launches a dart at you. The slug dart hits you.
An ice beast comes into view.
The dart slug launches a dart at you. The slug dart misses you.
Okay, then.
Casting: Call Imp (quite dangerous; 32% risk of failure)
Confirm with . or Enter, or press ? or * to list all spells.
You miscast Call Imp.
You are very lightly contaminated with residual magic.
Nothing appears to happen.
Casting: Call Imp (quite dangerous; 32% risk of failure)
Confirm with . or Enter, or press ? or * to list all spells.
You miscast Call Imp.
Nothing appears to happen.
You hit the ice beast.
The ice beast begins to glow.
The ice beast is lightly wounded.
The ice beast hits you. The ice beast freezes you.
You hit the ice beast but do no damage.
The ice beast glows dangerously bright.
The ice beast is lightly wounded.
The ice beast hits you. The ice beast freezes you!
Ouch! That really hurt!
You die...

#.# #.....#<..# #...# #$#
#.........# #...# #.#
+........##
###w<.#####.####.....#....
)....+..............#.###
### #..Y###......####....#
#... #...# #......# #....#
..>..#...###......# ...###
.........w.Yp.....# #.#..
....###.........### ### .
+.........# #.........#
#.........# #.........+
#.........# #......>..+
#.........#


You could see an ice beast (heavy contam) and a dart slug.

Vanquished Creatures
  3 adders
  4 orcs (D:3)
  3 endoplasms
  A giant cockroach (D:1)
  2 goblins
  4 hobgoblins
  2 quokkas
  3 ball pythons
  4 bats
  3 frilled lizards
  2 kobolds (D:2)
  A rat (D:2)
32 creatures vanquished.

Notes
Turn   | Place    | Note
-------+----------+-------------------------------------------
     0 | D:1      | ChrisAssaf the Human Shapeshifter began the quest for the
                  | Orb.
     0 | D:1      | Reached XP level 1. HP: 15/15 MP: 1/1
   562 | D:1      | Reached XP level 2. HP: 21/21 MP: 2/2
   577 | D:1      | You fall into a shaft and drop 1 floor!
   954 | D:2      | Reached XP level 3. HP: 24/26 MP: 3/3
   957 | D:2      | Learned a level 2 spell: Call Imp
  1078 | D:3      | Found a glowing golden altar of the Shining One.
  1086 | D:3      | Found a shimmering blue altar of Sif Muna.
  1162 | D:3      | Identified the ring "Podishus" {Fly Int+4 Dex+2}
  1384 | D:3      | Reached skill level 1 in Throwing
  1592 | D:3      | Reached XP level 4. HP: 14/32 MP: 4/4
  1647 | D:4      | Noticed an ice beast
  1657 | D:4      | Slain by an ice beast

Illustrated notes

Levels and vault maps discovered:
D:1:      kennysheep_arrival_seaside, layout_rooms
D:2:      layout_basic
D:3:      layout_basic, mainiacjoe_overflow_catwalk_spiral,
          reono_crystal_passage, minmay_misc_feat_x, kennysheep_potato,
          uniq_grinder
D:4:      layout_basic, nicolae_overflow_hidden_temple, dreamdust_gnoll_farm,
          uniq_blork_the_orc

Skill      XL: |  1  2  3 |
---------------+----------+-----
Throwing       | 1 |  1.0
Fighting       | |  1.5
Armour         | |  0.7
Dodging        | |  2.4
Stealth        | |  0.5
Unarmed Combat | |  3.2
Spellcasting   | |  0.6
Summonings     | |  0.2
Shapeshifting  | |  3.3

Action                     |  1- 3 |  4- 6 || total
---------------------------+-------+-------++-------
  Melee: Unarmed           |    77 |     5 ||    82
  Throw: Boomerang         |    27 |       ||    27
    Use: Scroll            |     9 |     2 ||    11
 Armour: Animal skin       |     4 |       ||     4
         Leather armour    |    12 |       ||    12
         Skin              |    16 |     4 ||    20
  Dodge: Dodged            |    54 |     2 ||    56
   Form: Flux              |     2 |       ||     2
         Beast             |     1 |       ||     1
